 Dungeon Crawl Stone Soup version 0.31-a0-848-gaac375c287 (webtiles) character file.

Game seed: 9515071554043970142

149 ytrimaz the Ruffian (level 5, 0/24 HPs)
             Began as a Demonspawn Shapeshifter on Oct 4, 2023.
             Slain by a cerulean imp
             ... wielding a +2 spear
             ... summoned by Natasha
              (7 damage)
             ... on level 3 of the Dungeon.
             The game lasted 00:02:30 (1981 turns).

ytrimaz the Ruffian (Demonspawn Shapeshifter)       Turns: 1981, Time: 00:02:31

Health: 0/24       AC:  2    Str: 15    XL:     5   Next: 9%
Magic:  5/5        EV: 13    Int: 11    God:
Gold:   174        SH:  0    Dex: 14    Spells: 4/4 levels left

rFire   . .          .
                       - Unarmed
rCold   . . .        (shield currently unavailable)
rNeg    . . .        a - +0 animal skin
rPois   .            (no helmet)
rElec   .            (no cloak)
rCorr   .            (no gloves)
SInv    +            (no boots)
Will    .....        (no amulet)
Stlth   +            (no ring)
HPRegen 0.24/turn    (no ring)
MPRegen 0.09/turn

%: no passive effects
@: flux-form, glowing
A: glow, contaminating, reduced hp, foul stench 1, demonic magic 1, demonic
touch 1, see invisible, devolution 1
a: Begin Untransformation


You were on level 3 of the Dungeon.
You were something dangerously unstable.
You visited 1 branch of the dungeon, and saw 3 of its levels.

You collected 174 gold pieces.


Innate Abilities, Weirdness & Mutations

You are something dangerously unstable.
You glow with magical radiation, making you easy to see and hit.
Foes you strike become dangerously contaminated with magical radiation.
Your maximum health is decreased, since you lack skill for your form.
You are incapable of wielding weapons or throwing items.
You may rarely emit foul miasma when damaged in melee.
Spells you cast may paralyse adjacent enemies.
Your touch may inflict minor irresistible damage on your foes.
You have supernaturally acute eyesight. (SInv)
You have hidden genetic defects.


   Skills:
 - Level 1.0 Fighting
 + Level 3.1 Dodging
 + Level 3.7 Unarmed Combat
 + Level 3.5 Shapeshifting


You had 4 spell levels left.
You didn't know any spells.
Your spell library contained the following spells:

 Spells                   Type           Power      Damage    Failure   Level
 Dazzling Flash           Conj/Hex       0%         N/A       71%         3
 Volatile Blastmotes      Fire/Tloc      0%         2d10      71%         3
 Starburst                Conj/Fire      0%         6d3       100%        6
 Maxwell's Capacitive Co  Air            0%         ∞         100%        8

Inventory:

Missiles
 f - a throwing net
Armour
 a - a +0 animal skin (worn)
Talismans
 c - a beast talisman
 d - a flux talisman (active)
 j - a blade talisman
   (You found it on level 2 of the Dungeon)
Scrolls
 b - 2 scrolls of teleportation
 g - 2 scrolls of poison
 i - a scroll of identify
 k - 2 scrolls of summoning {unknown}
Potions
 e - 2 potions of attraction
 l - a potion of degeneration {unknown}

Dungeon Overview and Level Annotations

Branches:
Dungeon (3/15) Zot: 16025

Altars:

Shops:
D:1 (   D:2 :

Annotations:
D:3 Natasha

####################..#.#.#
#......# #..#.#.# #......#
#....#.# #......# #.##.#.#
###.....!# #.##.#.#
.........# #.##.#.#
.......5.# #.##.#.#
.......g5######.##.#.#
..........p..........#
..[......######.##.###
...###+### #.##.# ...
#.##.# .. #.##.# #.##.#
########.##[# #......#.##.#
##.....#.#..#


You could see 2 cerulean imps and a hobgoblin.


Message History

The cerulean imp hits you with a +0 spear. 😕 HP[-3]
You take 3 damage, and now have 17/20 hp.
There are monsters nearby!
You hit the cerulean imp.
The cerulean imp begins to glow.
You touch the cerulean imp!
The cerulean imp hits you but does no damage.
You closely miss the cerulean imp. The cerulean imp barely misses you.
You hit the cerulean imp.
You kill the cerulean imp!
The cerulean imp disappears in a puff of smoke! 😕 HP[+1] Unknown command.
You closely miss Natasha. Your touch misses Natasha.
Natasha closely misses you.
You closely miss Natasha. Natasha barely misses you.
Unknown command.
You hit Natasha.
Natasha begins to glow.
Natasha completely misses you.
You hit Natasha but do no damage.
Natasha glows dangerously bright.
You touch Natasha.
Natasha closely misses you.
You hit Natasha but do no damage.
Natasha shudders as magic cascades through her.
Natasha twists and deforms.
Natasha claws you but does no damage. 😕 HP[+1] Unknown command.
You hit Natasha.
Natasha begins to glow.
You touch Natasha.
You kill Natasha!
Natasha screams in fury as she dies!
You have reached level 5!
Your demonic ancestry asserts itself...
A menacing aura infuses your magic. 😕 HP[+4] MP[+1]
You now have 24 max hp (+4).
You regained 4 hp, and now have 23/24 hp.
Your mp is fully restored (5).
You hear the brisk rusting of a very distant drain.
You now have 174 gold pieces (gained 10).
A quokka comes into view. 😎 HP[+1]
Your hp is fully restored (24).
A quokka is nearby!
Unknown command.
A quokka is nearby!
A quokka is nearby!
A quokka is nearby!
Unknown command.
The quokka closely misses you. The quokka barely misses you.
You closely miss the quokka.
You touch the quokka.
You kill the quokka!
Unknown command.
A rat comes into view.
You see here a quokka corpse.
A frilled lizard and 2 orcs come into view.
The orc shouts! x2; You hear a shout! x2
An orc comes into view. It is wielding a +0 short sword.
An orc priest comes into view. It is wielding a +0 falchion.
The rat closely misses you.
You hit the rat.
You kill the rat!
An orc comes into view. It is wielding a +0 flail.
Unknown command.
Found a stone staircase leading down.
You see here 5 stones.
You hit the orc.
The orc begins to glow.
The orc hits you but does no damage.
Unknown command.
You hit the orc.
The orc glows dangerously bright.
Your touch misses the orc. The orc hits you with a +0 short sword.
The orc priest invokes the aid of Beogh against you.
Beogh smites you!
Ouch! That really hurt!
* * * LOW HITPOINT WARNING * * *
The frilled lizard completely misses you. 😨 HP[-17]
You take 17 damage, and now have 7/24 hp.
MASSIVE DAMAGE!! (PAUSE)
The frilled lizard attacks as it pursues you!
The frilled lizard barely misses you. 😨 HP[+1] Unknown command.
It was a potion of mutation.
You feel extremely strange.
Your vision sharpens.
You feel a hidden malignance growing inside you.
The frilled lizard bites you but does no damage.
Unknown command.
As you read the scroll of teleportation, it crumbles to dust.
You feel strangely unstable. The frilled lizard misses you.
Your surroundings suddenly seem different.
Natasha and a hobgoblin come into view.
The hobgoblin shouts!
Natasha casts a spell. 😨 HP[+1] Natasha mumbles some strange words.
The cerulean imp hits you from afar with a +2 spear.
* * * LOW HITPOINT WARNING * * *
😱 HP[-3]
You take 3 damage, and now have 6/24 hp.
Unknown command.
The cerulean imp hits you from afar with a +2 spear!
You die...

Skill      XL: |  1  2  3  4 |
---------------+-------------+-----
Dodging        | 2 3 |  3.1
Unarmed Combat | 3 |  3.7
Shapeshifting  | 3 |  3.5
Fighting       | |  1.0

Action                     |  1- 3 |  4- 6 || total
---------------------------+-------+-------++-------
  Melee: Unarmed           |   115 |    46 ||   161
         Touch             |    11 |    10 ||    21
         Punch             |     3 |       ||     3
    Use: Potion            |     1 |     1 ||     2
         Scroll            |     4 |     1 ||     5
 Armour: Skin              |    10 |       ||    10
         Animal skin       |    63 |    22 ||    85
  Dodge: Dodged            |    76 |    30 ||   106
   Form: Flux              |       |     1 ||     1

Levels and vault maps discovered:
D:1:      noname_arrival_rooms_in_the_neighbourhood, layout_rooms, serial_shops,
          shop, minmay_octomino_j4
D:2:      kennysheep_big_flooded_room, layout_basic,
          hellmonk_ecumenical_altar_pennies_from_heaven, nicolae_shop_vocational
D:3:      layout_basic, portal_sewer_entry_f, uniq_natasha, uniq_robin,
          uniq_jessica, uniq_terence

Notes
Turn   | Place    | Note
-------+----------+-------------------------------------------
     0 | D:1      | ytrimaz the Demonspawn Shapeshifter began the quest for the
                  | Orb.
     0 | D:1      | Reached XP level 1. HP: 15/15 MP: 1/1
     0 | D:1      | magus.rc [v1.9.6]
    45 | D:1      | Reached skill level 2 in Dodging
    45 | D:1      | Gained mutation: Your touch may inflict minor irresistible
                  | damage on your foes. [demonic ancestry]
    45 | D:1      | Reached XP level 2. HP: 21/21 MP: 2/2
    82 | D:1      | Reached skill level 3 in Unarmed Combat
   153 | D:1      | Reached skill level 3 in Shapeshifting
   167 | D:1      | Found Homp's Antique Weapon Boutique.
   209 | D:1      | Reached XP level 3. HP: 17/26 MP: 3/3
   759 | D:2      | Found a faded altar of an unknown god.
  1055 | D:2      | Found Dogem's Vocational Training.
  1366 | D:2      | Gained mutation: You may rarely emit foul miasma when
                  | damaged in melee. [demonic ancestry]
  1366 | D:2      | Reached XP level 4. HP: 30/32 MP: 4/4
  1701 | D:3      | Noticed Jessica
  1710 | D:3      | HP: 4/20 [Jessica/+0 club (7)]
  1712 | D:3      | Killed Jessica
  1713 | D:3      | Reached skill level 3 in Dodging
  1872 | D:3      | You pick up a book of Spectacle and begin reading...
  1872 | D:3      | You add the spells Volatile Blastmotes, Dazzling Flash,
                  | Starburst and Maxwell's Capacitive Coupling to your
                  | library.
  1927 | D:3      | Noticed Natasha
  1939 | D:3      | Killed Natasha
  1940 | D:3      | Gained mutation: Spells you cast may paralyse adjacent
                  | enemies. [demonic ancestry]
  1940 | D:3      | Reached XP level 5. HP: 23/37 MP: 5/5
  1973 | D:3      | Gained mutation: You have supernaturally acute eyesight.
                  | (SInv) [potion of mutation]
  1973 | D:3      | Gained mutation: You have hidden genetic defects. [potion
                  | of mutation]
  1977 | D:3      | Noticed Natasha
  1978 | D:3      | HP: 6/24 [cerulean imp/+2 spear[Natasha] (3)]
  1981 | D:3      | Slain by a cerulean imp

Vanquished Creatures
  Jessica (D:3)
  Natasha (D:3)
  A gnoll (D:1)
  2 adders
  2 worms
  A dart slug (D:2)
  8 ball pythons
  3 bats
  3 endoplasms
  A giant cockroach (D:2)
  7 goblins
  3 hobgoblins
  7 jackals
  4 quokkas
  6 frilled lizards
  4 kobolds
  6 rats
60 creatures vanquished.

Table legend:
 A = Non-vault XP
 B = Vault XP
 C = Vault XP percentage of total XP
 D = Non-vault monster count
 E = Vault monster count
 F = Vault count percentage of total count
                 A         B        C        D         E       F
            +---------+---------+-------+---------+---------+-------
      Total |     131 |      82 |  38.5 |      52 |       8 |  13.3
            +---------+---------+-------+---------+---------+-------
        D:1 |      49 |       7 |  12.5 |      21 |       4 |  16.0
        D:2 |      44 |       3 |   6.4 |      17 |       2 |  10.5
        D:3 |      38 |      72 |  65.5 |      14 |       2 |  12.5
            +---------+---------+-------+---------+---------+-------

Skill      XL: |  1  2  3  4 |
---------------+-------------+-----
Dodging        | 2 3 |  3.1
Unarmed Combat | 3 |  3.7
Shapeshifting  | 3 |  3.5
Fighting       | |  1.0

Action                     |  1- 3 |  4- 6 || total
---------------------------+-------+-------++-------
  Melee: Unarmed           |   115 |    46 ||   161
         Touch             |    11 |    10 ||    21
         Punch             |     3 |       ||     3
    Use: Potion            |     1 |     1 ||     2
         Scroll            |     4 |     1 ||     5
 Armour: Skin              |    10 |       ||    10
         Animal skin       |    63 |    22 ||    85
  Dodge: Dodged            |    76 |    30 ||   106
   Form: Flux              |       |     1 ||     1

Illustrated notes

Table legend:
 A = Kills in this place as a percentage of kills in the entire game.
 B = Kills by you in this place as a percentage of kills by you in the entire game.
 C = Kills by friends in this place as a percentage of kills by friends in the entire game.
 D = Other kills in this place as a percentage of other kills in the entire game.
 E = Experience gained in this place as a percentage of experience gained in the entire game.
 F = Experience gained in this place divided by the number of levels of this place that you have seen.
                   A       B       C       D       E      F
               +-------+-------+-------+-------+-------+----------------------
         Total | 100.0 | 100.0 |   N/A |   N/A | 100.0 |  71.0
       Dungeon | 100.0 | 100.0 |   N/A |   N/A | 100.0 |  71.0
               +-------+-------+-------+-------+-------+----------------------

Table legend: (Time is in decaauts)
 A = Elapsed time spent in this place.
 B = Non-inter-level travel time spent in this place.
 C = Inter-level travel time spent in this place.
 D = Time resting spent in this place.
 E = Time spent auto-exploring this place.
 F = Levels seen in this place.
 G = Mean time per level.
                   A        B        C        D        E       F      G
               +--------+--------+--------+--------+--------+-----+--------+
         Total |   1973 |   1942 |     31 |      0 |   1494 |   3 |  657.7 |
       Dungeon |   1973 |   1942 |     31 |      0 |   1494 |   3 |  657.7 |
               +--------+--------+--------+--------+--------+-----+--------+

Top non-repeatable levels by time:
     D:2: 920 daAuts
     D:1: 669 daAuts
     D:3: 384 daAuts
